Map: [ESL] Inside and Out

Players

Elazer - Winner!

  • Race: Zerg Zerg
  • Spawn Location: 7:00

TIME (Oliveira)

  • Race: Terran Terran
  • Spawn Location: 1:00

Event: DreamHack SC2 Masters 2022 Atlanta (Offline)

VOD

Have the link to the VOD?

Description

Time

  • Played on: Nov. 18, 2022, 5:51 p.m.
  • Length: 10:17

All games in this series

Show
View Real Time Build Order
Export as new Build Order

Elazer Zerg - Winner!

Build Orders: Hatch First 

Get SALT Encoding   

  12  0:00  Drone  
  13  0:12  Overlord  
  13  0:16  Drone  
  14  0:30  Drone x2  
  16  0:47  Hatchery  
  15  0:50  Drone  
  15  0:53  Drone  
  15  0:57  Drone  
  18  1:08  Extractor  
  17  1:12  Spawning Pool  
  17  1:15  Drone  
  17  1:18  Drone  
  18  1:27  Drone  
  19  1:38  Drone  
  20  1:49  Drone  
  21  1:58  Queen x2  
  21  2:01  Zergling x4  
  27  2:10  Drone  
  27  2:11  Metabolic Boost, Overlord  
  28  2:28  Hatchery  
  28  2:29  Drone  
  28  2:33  Drone  
  28  2:34  Drone  
  30  2:39  Drone  
  30  2:43  Queen  
  33  2:49  Overlord  
  33  2:51  Drone  
  34  3:01  Drone x2  
  36  3:08  Drone x4, Overlord  
  40  3:21  Queen  
  40  3:22  Queen  
  44  3:28  Drone x2, Overlord  
  44  3:29  Zergling x2  
  47  3:37  Drone  
  47  3:40  Drone x4  
  52  3:42  Queen  
  52  3:47  Drone  
  55  3:51  Drone x2  
  57  3:56  Overlord  
  57  3:57  Drone x3  
  57  3:59  Queen  
  62  4:03  Drone x2  
  62  4:07  Drone  
  64  4:17  Drone x4  
  64  4:20  Queen, Overlord  
  70  4:27  Zergling x6  
  70  4:30  Overlord  
  70  4:31  Overlord  
  73  4:39  Overlord x2  
  73  4:42  Lair  
  73  4:46  Extractor  
  73  4:48  Baneling Nest, Queen  
  73  4:49  Drone x5  
  78  4:53  Extractor  
  78  4:54  Drone x6  
  83  5:03  Overlord  
  83  5:04  Hatchery  
  83  5:05  Drone  
  83  5:06  Drone  
  84  5:08  Drone  
  84  5:12  Zergling x2  
  84  5:13  Zergling x6  
  89  5:15  Spore Crawler  
  89  5:17  Spore Crawler  
  89  5:19  Overlord  
  87  5:22  Zergling x4  
  89  5:30  Overlord  
  89  5:35  Drone x8  
  97  5:36  Evolution Chamber  
  97  5:37  Drone x2, Evolution Chamber  
  97  5:43  Centrifugal Hooks  
  97  5:46  Overlord  
  96  5:51  Overlord  
  96  5:53  Zergling x2  
  96  5:54  Zergling x2  
  98  5:59  Zergling x8  
  98  6:03  Zerg Ground Armor Level 1, Zerg Melee Weapons Level 1  
  102  6:05  Drone  
  102  6:06  Drone x3  
  106  6:13  Zergling x6  
  106  6:17  Hatchery  
  108  6:19  Zergling x4  
  110  6:27  Baneling x6  
  110  6:28  Baneling  
  110  6:29  Zergling x14, Baneling x3  
  117  6:32  Overlord  
  117  6:37  Zergling x10  
  122  6:47  Overlord  
  122  6:50  Pneumatized Carapace  
  122  6:51  Burrow  
  122  6:52  Drone x3  
  125  6:55  Spore Crawler  
  125  6:56  Baneling x2  
  125  6:58  Overlord  
  125  6:59  Zergling x20  
  134  7:01  Drone  
  134  7:03  Zergling x6, Hatchery  
  137  7:12  Zergling x14  
  144  7:19  Zergling x6  
  147  7:23  Baneling x5  
  147  7:24  Zergling x6, Baneling x4  
  147  7:25  Zergling x2  
  151  7:30  Zergling x10  
  151  7:31  Zergling x6  
  151  7:34  Baneling x4  
  158  7:38  Zergling x10  
  161  7:44  Zergling x10  
  161  7:50  Queen x4  
  165  7:53  Zergling x8  
  165  7:54  Baneling x6  
  160  8:09  Zergling x24  
  160  8:12  Zergling x2  
  136  8:17  Zergling x6, Baneling  
  136  8:18  Baneling x3  
  136  8:19  Zergling x2  
  123  8:26  Zergling x14  
  126  8:34  Zergling x12  
  126  8:39  Zergling x4  
  134  8:45  Overlord  
  133  8:50  Zergling x10  
  133  8:54  Zergling x6  
  141  9:00  Drone x3, Spine Crawler  
  141  9:01  Baneling x2, Spine Crawler  
  141  9:02  Spine Crawler  
  141  9:04  Zergling x2, Extractor  
  141  9:05  Zergling x18  
  150  9:12  Zergling x2  
  150  9:13  Zergling x8  
  151  9:19  Zergling x2  
  151  9:20  Zergling x10  
  151  9:22  Zergling x6  
  158  9:25  Queen x2  
  158  9:30  Zergling x10  
  163  9:35  Zergling x6  
  159  9:42  Zergling x6  
Show
View Real Time Build Order
Export as new Build Order

TIME Terran 

Build Orders: Reaper Expand 

Get SALT Encoding   

  12  0:00  SCV  
  13  0:12  SCV  
  14  0:17  Supply Depot  
  14  0:24  SCV  
  15  0:38  SCV  
  15  0:40  Barracks  
  16  0:43  Refinery  
  16  0:51  SCV  
  17  1:03  SCV  
  18  1:15  SCV  
  19  1:28  Reaper, Orbital Command  
  20  1:39  Command Center  
  20  1:46  Supply Depot  
  20  1:54  SCV  
  20  1:59  Marine  
  22  2:06  SCV  
  23  2:10  Factory  
  23  2:18  SCV  
  23  2:21  Barracks Reactor  
  24  2:30  SCV  
  25  2:41  Command Center  
  25  2:42  SCV  
  26  2:51  Orbital Command  
  26  2:55  SCV  
  27  2:59  Starport  
  27  3:04  Refinery  
  27  3:07  SCV  
  28  3:14  Hellion x2  
  28  3:18  SCV  
  28  3:19  SCV  
  34  3:20  Barracks Tech Lab  
  34  3:31  SCV x2  
  36  3:36  Hellion x2  
  36  3:40  Viking  
  42  3:45  SCV x2  
  44  3:50  Stimpack  
  44  3:51  Marine  
  44  3:54  Orbital Command  
  45  3:57  SCV x2  
  47  4:09  Barracks, Factory Tech Lab  
  47  4:10  Barracks  
  47  4:11  SCV  
  47  4:12  SCV  
  47  4:15  Starport Reactor  
  47  4:16  Marine  
  50  4:22  Supply Depot  
  50  4:24  SCV x2  
  52  4:25  SCV  
  52  4:30  Siege Tank  
  56  4:36  Engineering Bay, SCV x2  
  56  4:37  SCV  
  59  4:38  Marine  
  59  4:44  Supply Depot  
  60  4:48  SCV x2  
  60  4:49  SCV  
  60  4:50  Refinery  
  63  5:00  Barracks, Starport Reactor, SCV x2  
  63  5:01  SCV  
  63  5:02  Barracks  
  63  5:04  Terran Infantry Weapons Level 1  
  66  5:08  Supply Depot  
  66  5:09  Refinery  
  66  5:13  Barracks  
  66  5:17  Barracks  
  66  5:19  Barracks  
  66  5:22  Siege Tank  
  66  5:23  Marine x2  
  66  5:26  Marine x2  
  73  5:32  Supply Depot x2, Orbital Command  
  73  5:33  Marine  
  74  5:35  SCV  
  74  5:36  SCV  
  74  5:40  Medivac x2  
  74  5:42  Marine  
  81  5:46  Marine x3  
  81  5:49  Barracks Reactor  
  84  5:50  Barracks Reactor  
  84  5:54  Marine  
  85  5:59  Combat Shield  
  85  6:00  Marine  
  85  6:01  Marine  
  85  6:04  Marine x3  
  87  6:07  Marine x2  
  87  6:10  Siege Tank  
  95  6:12  Marine  
  95  6:15  Supply Depot  
  95  6:17  Marine  
  95  6:18  Supply Depot  
  97  6:19  Marine  
  97  6:21  Supply Depot, Marine  
  97  6:22  Marine x2  
  101  6:36  Supply Depot, Marine x8  
  101  6:39  Marine x3  
  110  6:41  Marine  
  110  6:42  Medivac  
  110  6:45  Siege Tank  
  117  6:47  Medivac  
  119  6:54  Marine x4  
  119  6:55  Marine  
  119  6:59  Supply Depot  
  119  7:00  Marine  
  119  7:01  Marine  
  126  7:02  Marine  
  126  7:03  Marine  
  126  7:04  Supply Depot  
  126  7:06  Marine x2  
  130  7:09  Terran Infantry Armor Level 1  
  130  7:10  Marine  
  131  7:18  Marine x2  
  131  7:20  Marine x2  
  131  7:21  Marine  
  136  7:23  Marine x2  
  136  7:28  Marine  
  139  7:32  Marine  
  139  7:34  Marine x2  
  140  7:38  Marine x2  
  139  7:47  Supply Depot  
  139  7:48  Supply Depot x2  
  122  7:59  Orbital Command  
  116  8:09  Siege Tank, Marine x11  
  84  8:26  Marine x8  
  84  8:27  Marine  
  92  8:28  Medivac  
  92  8:29  Medivac  
  92  8:30  Marine  
  92  8:32  Marine  
  92  8:33  Marine  
  94  8:44  Marine x5  
  94  8:45  Siege Tank  
  94  8:47  Marine  
  103  8:48  Marine  
  104  8:56  Marine  
  104  8:58  Marine x2  
  108  9:04  Marine x2  
  109  9:10  Medivac x2  
  109  9:11  Marine x2  
  109  9:12  Marine  
  109  9:16  Marine x2  
  101  9:24  Siege Tank  
  101  9:26  Marine  
  101  9:27  Marine  
  101  9:31  Marine  
  107  9:33  Marine  
  100  9:43  Marine  
Tags
 
Add a new tag
Caveats
  • Supply blocks, unpowered buildings, or Contaminate may cause inaccurate times.
  • Supply counts are checked every 10 seconds.